 Dungeon Crawl Stone Soup version 0.28.0-49-g6dfe1f597d (webtiles) character file.

Game seed: 7843430396230279393

374 issech the Basher (level 6, -2/47 HPs)
             Began as a Gnoll Wanderer on May 17, 2022.
             Was an Initiate of Hepliaklqana.
             Slain by an unseen horror (8 damage)
             ... on level 4 of the Dungeon on May 18, 2022.
             The game lasted 00:14:27 (5070 turns).

issech the Basher (Gnoll Wanderer)                  Turns: 5070, Time: 00:14:27

Health: -2/47      AC:  6    Str: 12    XL:     6   Next: 72%
Magic:  9/9        EV: 14    Int: 10    God:    Hepliaklqana [......]
Gold:   178        SH:  0    Dex: 14    Spells: 9/9 levels left

rFire   . . .      SeeInvis .   z - +0 glaive
rCold   . . .      Faith    .   (shield currently unavailable)
rNeg    . . .      Spirit   .   x - +0 scale mail
rPois   .          Reflect  .   (no helmet)
rElec   .          Harm     .   (no cloak)
rCorr   .          Rampage  .   (no gloves)
Will    .....                   (no boots)
Stlth   +.........              (no amulet)
HPRegen 0.15/turn               r - +4 ring of evasion
MPRegen 0.11/turn               (no ring)

@: no status effects
A: fangs 1, strong nose, distributed training
a: Renounce Religion


You were on level 4 of the Dungeon.
You worshipped Hepliaklqana.
Hepliaklqana was noncommittal.
You visited 2 branches of the dungeon, and saw 6 of its levels.

You collected 178 gold pieces.

Inventory:

Hand Weapons
 a - a +0 flail
 b - a +0 shortbow
 i - a +0 mace
 z - a +0 glaive (weapon)
Missiles
 c - 37 arrows
 f - 67 stones (quivered)
 g - 2 poisoned darts
 j - 8 bolts
 o - a throwing net
Armour
 e - a +0 leather armour
 n - a +0 ring mail
 p - an orb of energy
 x - a +0 scale mail (worn)
Jewellery
 l - a ring of fire
 r - a +4 ring of evasion (left hand)
Wands
 d - a wand of polymorph (1)
 s - a wand of charming (6)
Scrolls
 k - a scroll of teleportation {unknown}
 q - a scroll of immolation
 u - 2 scrolls of vulnerability
 w - a scroll of noise
 y - a scroll of blinking {unknown}
Potions
 h - 2 potions of curing {unknown}
 m - 2 potions of lignification {unknown}
 t - a potion of berserk rage {unknown}
 v - a potion of haste {unknown}
 A - a potion of degeneration {unknown}


   Skills:
 + Level 3.3 Fighting
 + Level 2.1 Short Blades
 + Level 2.1 Long Blades
 + Level 2.1 Axes
 + Level 8.8 Maces & Flails
 + Level 2.1 Polearms
 + Level 2.1 Staves
 + Level 2.1 Slings
 + Level 5.0 Bows
 + Level 2.1 Crossbows
 + Level 2.1 Throwing
 + Level 2.1 Armour
 + Level 3.3 Dodging
 + Level 2.1 Stealth
 + Level 2.1 Shields
 + Level 2.1 Unarmed Combat
 + Level 2.1 Spellcasting
 + Level 1.6 Conjurations
 + Level 1.6 Hexes
 + Level 1.6 Summonings
 + Level 1.6 Necromancy
 + Level 1.6 Translocations
 + Level 1.6 Transmutations
 + Level 1.6 Fire Magic
 + Level 1.6 Ice Magic
 + Level 1.6 Air Magic
 + Level 1.6 Earth Magic
 + Level 1.6 Poison Magic
 + Level 2.3 Invocations
 + Level 5.0 Evocations


You had 9 spell levels left.
You didn't know any spells.
Your spell library contained the following spells:

 Spells                   Type           Power      Damage    Failure   Level
 Ensorcelled Hibernation  Hex/Ice        8%         N/A       77%         2
 Inner Flame              Hex/Fire       4%         N/A       94%         3
 Ozocubu's Armour         Ice            4%         N/A       94%         3
 Spider Form              Tmut/Pois      4%         N/A       94%         3
 Anguish                  Hex/Necr       2%         N/A       100%        4
 Cause Fear               Hex            2%         N/A       100%        4
 Ozocubu's Refrigeration  Ice            2%         4d5       100%        7
 Discord                  Hex            2%         N/A       100%        8


Dungeon Overview and Level Annotations

Branches:
Dungeon (5/15)             Temple (1/1) D:4

Altars:
Ashenzari
Cheibriados
Elyvilon
Fedhas
Gozag
Hepliaklqana
Kikubaaqudgha
Makhleb
Nemelex Xobeh
Okawaru
Qazlal
Ru
Sif Muna
Trog
Uskayaw
Vehumet
Wu Jian
Xom
Yredelemnul
Zin
The Shining One


Innate Abilities, Weirdness & Mutations

You have very sharp teeth.
Your uncanny sense of smell can sniff out nearby items.
Your experience applies equally to all skills.


Message History

You climb downwards.
Found a rapier.
There is a stone staircase leading up here.
Something hits you.
Deactivating autopickup; reactivate with Ctrl-A.
Something hits you! Something hits you! Something hits you.
Something hits you but does no damage.
You see here a +0 rapier.
Something hits you. Something hits you but does no damage. Something hits you.
Something hits you. Something hits you but does no damage.
There is a stone staircase leading up here.
Something hits you!
* * * LOW HITPOINT WARNING * * *
You climb upwards.
Reactivating autopickup.
There is a stone staircase leading down here.
You start resting.
HP restored.
There is a stone staircase leading down here.
You climb downwards.
Something hits you.
Deactivating autopickup; reactivate with Ctrl-A.
There is a stone staircase leading up here.
Something barely misses you.
You climb upwards.
Reactivating autopickup.
There is a stone staircase leading down here.
Deactivating autopickup; reactivate with Ctrl-A.
You miss something. Something hits you. x2
Something hits you. Something barely misses you. Something hits you!
You closely miss something. Something hits you.
You miss something. Something hits you but does no damage. Something hits you.
Something barely misses you. Something hits you but does no damage.
Something closely misses you. Something hits you!
* * * LOW HITPOINT WARNING * * *
Something hits you!
You die...

#..#.# #........).......##.##
######.#.###.##############.##...
.......#.#..........# #.####.
########.#<#.######.# ###.####'
.........#.#'#### #.# #...[..).
##########[.....# #.# #........
#[.....# #.# #........ #######
#......###.# ###'####. ......#
#.#....@.#.# #.# #. ......#
#.######.#.#######'## #. ......#
#.# #.#.#....<...# #. ......#
##'######.#.#..<...).# #. .)....#
#.........#.#........# #. #######
#........>#.#........####
###.........#.#............
#######...........#.#######......
...[..'...........#.########.####


There were no monsters in sight!

Vanquished Creatures
  An ogre (D:4)
  A howler monkey (D:3)
  A bullfrog skeleton (D:4)
  An iguana (D:4)
  Ijyb (D:3)
  An orc wizard (D:4)
  A killer bee zombie (D:4)
  A hound skeleton (D:4)
  4 adders
  An adder skeleton (D:4)
  A worm (D:2)
  A dart slug (D:2)
  3 orcs (D:4)
  6 ball pythons
  4 bats
  5 endoplasms
  4 giant cockroaches
  5 goblins
  3 hobgoblins
  5 kobolds
  5 quokkas
  5 frilled lizards
  6 rats
66 creatures vanquished.

Notes
Turn   | Place    | Note
-------+----------+-------------------------------------------
     0 | D:1      | issech the Gnoll Wanderer began the quest for the Orb.
     0 | D:1      | issech set off with the following items: a +0 flail, a +0
                  | shortbow, 20 arrows, a wand of polymorph (3), a +0 leather
                  | armour
     0 | D:1      | Reached XP level 1. HP: 17/17 MP: 1/1
   217 | D:1      | Found a faded altar of an unknown god.
   229 | D:1      | Reached XP level 2. HP: 18/23 MP: 2/2
  1025 | D:2      | Reached XP level 3. HP: 27/28 MP: 3/3
  1524 | D:2      | Reached skill level 1 in Invocations
  1839 | D:3      | Noticed Ijyb
  1936 | D:3      | Killed Ijyb
  1937 | D:3      | Reached skill level 1 in Short Blades
  1937 | D:3      | Reached skill level 1 in Long Blades
  1937 | D:3      | Reached skill level 1 in Axes
  1937 | D:3      | Reached skill level 1 in Polearms
  1937 | D:3      | Reached skill level 1 in Staves
  1937 | D:3      | Reached skill level 1 in Slings
  1937 | D:3      | Reached skill level 1 in Crossbows
  1937 | D:3      | Reached skill level 1 in Throwing
  1937 | D:3      | Reached skill level 1 in Armour
  1937 | D:3      | Reached skill level 1 in Stealth
  1937 | D:3      | Reached skill level 1 in Shields
  1937 | D:3      | Reached skill level 1 in Unarmed Combat
  1937 | D:3      | Reached skill level 1 in Spellcasting
  1937 | D:3      | Reached XP level 4. HP: 17/34 MP: 5/5
  2136 | D:3      | Reached skill level 1 in Conjurations
  2136 | D:3      | Reached skill level 1 in Hexes
  2136 | D:3      | Reached skill level 1 in Summonings
  2136 | D:3      | Reached skill level 1 in Necromancy
  2136 | D:3      | Reached skill level 1 in Translocations
  2136 | D:3      | Reached skill level 1 in Transmutations
  2136 | D:3      | Reached skill level 1 in Fire Magic
  2136 | D:3      | Reached skill level 1 in Ice Magic
  2136 | D:3      | Reached skill level 1 in Air Magic
  2136 | D:3      | Reached skill level 1 in Earth Magic
  2136 | D:3      | Reached skill level 1 in Poison Magic
  2523 | D:3      | Reached XP level 5. HP: 36/40 MP: 5/7
  2874 | D:4      | Noticed an ogre
  2924 | D:4      | Killed an ogre
  2925 | D:4      | Reached XP level 6. HP: 13/47 MP: 8/8
  3285 | D:4      | Reached skill level 5 in Bows
  3285 | D:4      | Reached skill level 5 in Evocations
  4223 | D:4      | Found a staircase to the Ecumenical Temple.
  4239 | Temple   | Entered the Ecumenical Temple
  4367 | Temple   | Became a worshipper of Hepliaklqana the Forgotten
  4795 | D:5      | Entered Level 5 of the Dungeon
  5070 | D:4      | Slain by an unseen horror

Illustrated notes

Levels and vault maps discovered:
D:1:      onia_arrival_pentagram, layout_basic,
          nicolae_ecumenical_snake_handling,
          nicolae_concentric_dashed_squares_wild, minmay_misc_feat_square,
          minivault_14
D:2:      layout_rooms, corexii_hall_statues_t
D:3:      layout_rooms, item_on_display_a, uniq_ijyb
D:4:      layout_basic, minmay_temple_entry_junction, item_on_display_a
D:5:      layout_basic, gammafunk_ghost_smash
Temple:   mainiacjoe_temple_circle_huts

Skill      XL: |  1  2  3  4  5  6 |
---------------+-------------------+-----
Invocations    | 1 2 |  2.3
Short Blades   | 1 2 |  2.1
Long Blades    | 1 2 |  2.1
Axes           | 1 2 |  2.1
Polearms       | 1 2 |  2.1
Staves         | 1 2 |  2.1
Slings         | 1 2 |  2.1
Crossbows      | 1 2 |  2.1
Throwing       | 1 2 |  2.1
Armour         | 1 2 |  2.1
Stealth        | 1 2 |  2.1
Shields        | 1 2 |  2.1
Unarmed Combat | 1 2 |  2.1
Spellcasting   | 1 2 |  2.1
Conjurations   | 1 |  1.6
Hexes          | 1 |  1.6
Summonings     | 1 |  1.6
Necromancy     | 1 |  1.6
Translocations | 1 |  1.6
Transmutations | 1 |  1.6
Fire Magic     | 1 |  1.6
Ice Magic      | 1 |  1.6
Air Magic      | 1 |  1.6
Earth Magic    | 1 |  1.6
Poison Magic   | 1 |  1.6
Fighting       | 3 |  3.3
Dodging        | 3 |  3.3
Bows           | 5 |  5.0
Evocations     | 5 |  5.0
Maces & Flails | |  8.8

Action                   |  1- 3 |  4- 6 || total
-------------------------+-------+-------++-------
Melee: Flail             |   120 |   129 ||   249
       Bite              |     6 |    19 ||    25
       Glaive            |       |    23 ||    23
Throw: Stone             |    14 |    33 ||    47
Evoke: Wand              |     2 |       ||     2
  Use: Scroll            |       |     3 ||     3
Armor: Leather armour    |    21 |       ||    21
       Ring mail         |    50 |    21 ||    71
       Scale mail        |       |    22 ||    22
Dodge: Dodged            |   114 |   134 ||   248
